 Dungeon Crawl Stone Soup version 0.26.0-10-g1f06aea511 (webtiles) character file.

Game seed: 16165663323868500801

42 inc the Scratcher (level 3, -1/17 HPs)
             Began as a Felid Chaos Knight on Feb 2, 2021.
             Was a Plaything of Xom.
             Slain by an adder (4 damage)
             ... on level 3 of the Dungeon.
             The game lasted 00:02:52 (2603 turns).

inc the Scratcher (Felid Chaos Knight)              Turns: 2603, Time: 00:02:53

Health: -1/17      AC:  1    Str:  8    XL:     3   Next: 33%
Magic:  4/4        EV: 18    Int: 14    God:    Xom [...*..]
Gold:   97         SH:  0    Dex: 15    Spells: 2/2 levels left
                                        Lives:  0   Deaths: 0

rFire    . . .     SeeInvis +     - Unarmed
rCold    . . .     Faith    .   (shield unavailable)
rNeg     + . .     Spirit   .   (armour unavailable)
rPois    .         Reflect  .   (helmet unavailable)
rElec    .         Harm     .   (cloak unavailable)
rCorr    .         Rampage  .   (gloves unavailable)
Will     .....                  (boots unavailable)
Stlth    ++........             d - amulet of inaccuracy (curse)
HPRegen  0.05/turn              e - ring of positive energy
MPRegen  0.09/turn              (no ring)

@: lethally poisoned (-1 -> -6), quick
A: very small, no armour, no weapons or thrown items, stealth, claws 1, fangs 3,
see invisible, speed 1, shaggy fur 1, sharp paws
a: Renounce Religion


You were on level 3 of the Dungeon.
You worshipped Xom.
You were a favourite toy of Xom.
You visited 1 branch of the dungeon, and saw 3 of its levels.

You collected 97 gold pieces.

Inventory:

Jewellery
 d - a cursed amulet of inaccuracy (around neck)
 e - a ring of positive energy (left paw)
 h - a cursed ring of teleportation {unknown}
Wands
 f - a wand of random effects (15)
Scrolls
 a - 2 scrolls of identify
 b - 2 scrolls of teleportation
Potions
 c - 2 potions of degeneration


   Skills:
 - Level 3.0 Fighting
 - Level 3.2 Dodging
 + Level 4.4 Unarmed Combat


You had 2 spell levels left.
You didn't know any spells.
Your spell library was empty.

Dungeon Overview and Level Annotations

Branches:
Dungeon (3/15)

Altars:

Annotations:
D:2 1 runed translucent door, Crazy Yiuf, Jessica


Innate Abilities, Weirdness & Mutations

You cannot wear armour.
You are incapable of wielding weapons or throwing items.
Your paws allow you to move quietly. (Stealth)
You have sharp claws.
You have razor-sharp teeth.
You have supernaturally acute eyesight. (SInv)
You cover ground quickly.
You are covered in fur. (AC +1)
Your sharp claws are effective at attacking unaware monsters.


Message History

You barely miss the adder.
The adder is lightly wounded.
The adder closely misses you.
You miss the adder. Your bite misses the adder.
The adder is lightly wounded.
You feel sick. The adder bites you.
You are more poisoned.
The adder poisons you!
You barely miss the adder. The adder closely misses you. The adder misses you.
You barely miss the adder. Your bite misses the adder.
You feel sick. The adder bites you.
You closely miss the adder. The adder closely misses you.
You barely miss the adder. The adder completely misses you.
You barely miss the adder. Your bite misses the adder.
You feel sick. The adder misses you.
You barely miss the adder. The adder misses you.
You closely miss the adder. The adder bites you.
* * * LOW HITPOINT WARNING * * *
The adder bites you.
You die...

#..... #.....# #.....#
#.....# #.....# ######
#.....# #<....
####.>...###############.....
........gglS@...<............
##.....###############.....
###...# #....# #.#..# ######
......# ..........
........g.#g. ...#......##.#
#....#..... ...


You could see an adder, 2 hobgoblins and a frilled lizard.

Vanquished Creatures
  A worm (D:2)
  A dart slug (D:1)
  2 leopard geckos
  5 giant cockroaches
  2 goblins
  6 hobgoblins
  7 kobolds
  A ball python (D:1)
  3 bats
  A frilled lizard (D:2)
  3 rats (D:1)
32 creatures vanquished.

Notes
Turn   | Place    | Note
-------+----------+-------------------------------------------
     0 | D:1      | inc the Felid Chaos Knight began the quest for the Orb.
     0 | D:1      | Reached XP level 1. HP: 10/10 MP: 2/2
   224 | D:1      | XOM: divination: detect items
   613 | D:1      | XOM: silly message
   680 | D:1      | Reached XP level 2. HP: 14/14 MP: 3/3
   741 | D:1      | XOM: 8-stop teleportation journey
   776 | D:1      | XOM: divination: detect creatures
   960 | D:1      | XOM is BORED!
   960 | D:1      | XOM: silly message
  1034 | D:1      | XOM: silly message
  1173 | D:1      | Reached skill level 4 in Unarmed Combat
  1271 | D:1      | Reached XP level 3. HP: 12/17 MP: 4/4
  1876 | D:2      | Found a runed translucent door.
  1877 | D:2      | Noticed Crazy Yiuf
  1878 | D:2      | XOM: divination: magic mapping
  1981 | D:2      | XOM: butterfly on damage
  1987 | D:2      | XOM: noise
  2087 | D:1      | XOM is BORED!
  2120 | D:1      | XOM: summons 3 hostile shadow creatures
  2371 | D:2      | Noticed Jessica
  2395 | D:2      | XOM: butterfly on damage
  2399 | D:2      | XOM: confuse monster(s)
  2603 | D:3      | Slain by an adder

Illustrated notes

Levels and vault maps discovered:
D:1:      minmay_arrival_four_loops, layout_loops_corners,
          chequers_serial_rivers_marsh
D:2:      layout_basic, nzn_hepliaklqana_mist_gate, uniq_jessica,
          uniq_crazy_yiuf_cottage
D:3:      layout_rooms, gammafunk_temple_overflow_statue,
          amcnicky_mini_corridor_feature

Skill      XL: |  1  2 |
---------------+-------+-----
Unarmed Combat | 4 |  4.4
Fighting       | |  3.0
Dodging        | |  3.2

Action                   || total
-------------------------++-------
Melee: Unarmed           ||   120
       Bite              ||     6
  Use: Scroll            ||     5
       Potion            ||     1
 Stab: Sleeping          ||     7
Armor: Skin              ||     3
Dodge: Dodged            ||    82
